 Dungeon Crawl Stone Soup version 0.21.1-1-g345015f (console) character file.

114 tminei the Skirmisher (level 4, -4/30 HPs)
             Began as a Gargoyle Fighter on July 16, 2018.
             Slain by Sigmund
             ... wielding a +0 scythe
              (6 damage)
             ... on level 3 of the Dungeon.
             The game lasted 00:27:59 (1783 turns).

tminei the Skirmisher (Gargoyle Fighter)            Turns: 1783, Time: 00:27:59

Health: -4/30      AC: 10    Str: 19    XL:     4   Next: 97%
Magic:  4/4        EV:  7    Int:  9    God:
Gold:   112        SH:  9    Dex: 10    Spells: 3/3 levels left

rFire    . . .     SeeInvis .   a - +1 trident
rCold    . . .     Gourm    .   c - +0 shield
rNeg     + . .     Faith    .   b - +0 scale mail
rPois    ∞         Spirit   .   (no helmet)
rElec    +         Reflect  .   (no cloak)
rCorr    .         Harm     .   (no gloves)
MR       .....                  (no boots)
Stlth    ..........             (no amulet)
HPRegen  0.10/turn              (no ring)
MPRegen  0.09/turn              (no ring)

@: no status effects
A: negative energy resistance 1, electricity resistance, unbreathing,
petrification resistance, rot immunity, AC +3
a: no special abilities


You were on level 3 of the Dungeon.
You were not hungry.

You visited 1 branch of the dungeon, and saw 3 of its levels.

You collected 112 gold pieces.

Inventory:

Hand Weapons
 a - a +1 trident (weapon)
Missiles
 e - 74 arrows
Armour
 b - a +0 scale mail (worn)
 c - a +0 shield (worn)
Jewellery
 n - an uncursed amulet of the gourmand {i}
Scrolls
 j - a scroll of remove curse
 l - a scroll of teleportation
Potions
 d - 3 potions of might
 g - 2 potions of lignification {unknown}
 h - a potion of degeneration {unknown}
 i - 4 potions of curing
 k - 2 potions of agility {unknown}
 p - a potion of cancellation {unknown}
Comestibles
 f - 2 rations


   Skills:
 * Level 4.4 Fighting
 + Level 2.5 Polearms
 * Level 4.4 Armour
 - Level 3.4 Shields


You had 3 spell levels left.
You didn't know any spells.

Dungeon Overview and Level Annotations

Branches:
Dungeon (3/15)

Altars:

Annotations:
D:3 Sigmund


Innate Abilities, Weirdness & Mutations

You are resistant to torment.
Your stone body is resilient. (AC +3)
You are immune to poison.
You resist negative energy. (rN+)
You are resistant to electric shocks. (rElec)
You can survive without breathing.
You are immune to petrification.
You are immune to rotting.


Message History

You are too injured to fight recklessly!
You are too injured to fight recklessly!
You are too injured to fight recklessly!
You are too injured to fight recklessly!
You are too injured to fight recklessly!
Unknown command.
You hit the giant cockroach but do no damage.
You block the giant cockroach's attack. Something hits you but does no damage.
You closely miss the giant cockroach. You block the giant cockroach's attack.
The giant cockroach bites you.
* * * LOW HITPOINT WARNING * * *
You take 1 damage, and have 8/30 hp.
You closely miss the giant cockroach. Something hits you.
* * * LOW HITPOINT WARNING * * *
You block the giant cockroach's attack.
You take 6 damage, and have 2/30 hp.
You hit the giant cockroach.
The giant cockroach is severely wounded.
The giant cockroach barely misses you. Something hits you.
You die...

!Ї .. .Ї .Ї Ї
ЇЇ.ЇЇЇ Ї.Ї....
Ї.Ї..ЇЇ.ЇЇ.
Ї..<.......
ЇЇЇЇЇЇЇЇЇ.ЇЇЇ.ЇЇ.
Ї....g{@s........
ЇЇЇ.ЇЇЇЇЇ.ЇЇЇ.Ї.Ї
Ї.Ї


ЇsЇ Ї.Ї Ї<. ... .. You could see a giant cockroach and a goblin.

Vanquished Creatures
  A howler monkey (D:2)
  4 adders (D:2)
  A dart slug (D:1)
  2 worms (D:2)
  A giant cockroach (D:1)
  7 goblins
  2 hobgoblins (D:1)
  11 kobolds
  3 bats
  2 frilled lizards (D:2)
  3 rats
37 creatures vanquished.

Notes
Turn   | Place    | Note
-------+----------+-------------------------------------------
     0 | D:1      | tminei the Gargoyle Fighter began the quest for the Orb.
     0 | D:1      | Reached XP level 1. HP: 14/14 MP: 1/1
   117 | D:1      | Reached XP level 2. HP: 16/19 MP: 2/2
   326 | D:1      | spectators
   633 | D:1      | Reached XP level 3. HP: 24/24 MP: 3/3
  1062 | D:2      | Reached XP level 4. HP: 29/29 MP: 4/4
  1771 | D:3      | Noticed Sigmund
  1783 | D:3      | Slain by Sigmund

Skill      XL: |  1  2  3 |
---------------+----------+-----
Polearms       | 2 |  2.5
Fighting       | 4 |  4.4
Armour         | 4 |  4.4
Shields        | |  3.4

Action                   |  1- 3 |  4- 6 || total
-------------------------+-------+-------++-------
Melee: Trident           |   120 |    38 ||   158
  Use: Scroll            |     3 |     2 ||     5
  Eat: Chunk             |       |    11 ||    11
Armor: Scale mail        |    56 |    20 ||    76
Dodge: Dodged            |    30 |     8 ||    38
Block: Shield            |    58 |    24 ||    82
